 Dungeon Crawl Stone Soup version 0.19.5 (webtiles) character file.

67 devil0150 the Grave Robber (level 4, -8/32 HPs)
             Began as a Human Necromancer on Apr 7, 2017.
             Mangled by a worm (9 damage)
             ... on level 2 of the Dungeon.
             The game lasted 00:12:58 (2592 turns).

devil0150 the Grave Robber (Human Necromancer)      Turns: 2592, Time: 00:12:58

Health: -8/32      AC:  2    Str:  5 (8)  XL:     4   Next: 40%
Magic:  4/7        EV: 13    Int: 15 (17) God:
Gold:   113        SH:  0    Dex: 13      Spells: 2 memorised, 5 levels left

rFire  . . .     SeeInvis .     e - +0 whip
rCold  . . .     Gourm    .     a - +0 robe
rNeg   . . .     Faith    .     (no shield)
rPois  .         Spirit   .     (no helmet)
rElec  .         Reflect  .     (no cloak)
rCorr  .         Harm     .     (no gloves)
MR     .....                    (no boots)
Stlth  ++........               (no amulet)
                                (no ring)
                                (no ring)

@: no status effects
A: no striking features
a: no special abilities


You were on level 2 of the Dungeon.
You were hungry.

You visited 1 branch of the dungeon, and saw 2 of its levels.

You collected 113 gold pieces.

Inventory:

Hand Weapons
 e - a +0 whip (weapon)
 q - a +0 dagger (quivered)
 r - a +0 dagger
 t - a +0 dagger
Missiles
 g - 25 arrows
 m - 6 tomahawks
Armour
 a - a +0 robe (worn)
 f - a +0 robe
 n - a +0 robe
Jewellery
 l - an uncursed ring of positive energy {unknown}
Scrolls
 d - 3 scrolls of noise {unknown}
Potions
 h - 2 potions of degeneration
 o - a potion of magic {unknown}
Books
 b - a book of Necromancy

   Spells                             Type                      Level
   a - Pain                           Necromancy                   1
   b - Animate Skeleton               Necromancy                   1
   c - Vampiric Draining              Necromancy                   3
   d - Regeneration                   Charms/Necromancy            3
   e - Animate Dead                   Necromancy                   4
   f - Control Undead                 Necromancy                   4
Comestibles
 c - 2 bread rations
 k - 2 fruits


   Skills:
 + Level 1.0 Fighting
 + Level 0.8 Short Blades
 + Level 0.8 Maces & Flails
 + Level 2.4 Dodging
 + Level 2.3 Stealth
 + Level 2.2 Spellcasting
 + Level 4.6 Necromancy


You had 5 spell levels left.
You knew the following spells:

 Your Spells              Type           Power        Failure   Level  Hunger
a - Pain                  Necr           ###.         3%          1    #......
b - Animate Skeleton      Necr           N/A          3%          1    #......


Dungeon Overview and Level Annotations

Branches:
Dungeon (2/15)

Altars:


Message History

The worm is moderately wounded.
Casting: Animate Skeleton
Confirm with . or Enter, or press ? or * to list all spells.
Aiming: Pain
Press: ? - help, Shift-Dir - straight line, f/p - worm
Aim: a worm (moderately wounded, chance to defeat MR: 80%)
The worm writhes in agony!
The worm closely misses you.
Casting: Pain
Confirm with . or Enter, or press ? or * to list all spells.
Aiming: Pain
Press: ? - help, Shift-Dir - straight line, f/p - worm
Aim: a worm (heavily wounded, chance to defeat MR: 80%)
The worm writhes in agony!
Casting: Pain
Confirm with . or Enter, or press ? or * to list all spells.
Aiming: Pain
Press: ? - help, Shift-Dir - straight line, f/p - worm
Aim: a worm (severely wounded, chance to defeat MR: 80%)
The worm writhes in agony!
The worm bites you!
You die...

########## #(........
#.######## #.####
###### #)#..####....#
#(#....##.#..######
#>#.##@w.†)(.).....
#........##........
##....##.).(.....♣
#....####.(...♣♣..
##...# ##.(..♣♣P..
#<..###....♣♣P.♣P
.###...)#...(.♣P..P♣
................♣P...♣
...###...<........P..♣


You could see a worm.

Vanquished Creatures
  Jessica (D:2)
  An ooze (D:2)
  A dart slug (D:1)
  A ball python (D:1)
  4 bats
  A giant cockroach (D:1)
  A hobgoblin (D:1)
  3 jackals (D:1)
  3 kobolds
  A quokka (D:2)
  A frilled lizard (D:2)
  7 goblins
  6 rats
31 creatures vanquished.

Vanquished Creatures (collateral kills)
  2 goblins (D:1)
  2 hobgoblins
  A frilled lizard (D:2)
  A rat (D:1)
6 creatures vanquished.

Grand Total: 37 creatures vanquished

Notes
Turn   | Place    | Note
-------+----------+-------------------------------------------
     0 | D:1      | devil0150 the Human Necromancer began the quest for the Orb.
     0 | D:1      | Reached XP level 1. HP: 13/13 MP: 3/3
   144 | D:1      | Learned a level 1 spell: Animate Skeleton
   444 | D:1      | Reached XP level 2. HP: 15/19 MP: 5/5
  1587 | D:1      | Reached XP level 3. HP: 24/24 MP: 6/6
  2105 | D:2      | Noticed Jessica
  2128 | D:2      | Killed Jessica
  2128 | D:2      | Reached skill level 1 in Fighting
  2128 | D:2      | Reached XP level 4. HP: 13/32 MP: 3/7
  2592 | D:2      | Mangled by a worm

Skill      XL: |  1  2  3 |
---------------+----------+-----
Fighting       | 1 |  1.0
Short Blades   | |  0.8
Maces & Flails | |  0.8
Dodging        | |  2.4
Stealth        | |  2.3
Spellcasting   | |  2.2
Necromancy     | |  4.6

Action                   |  1- 3 |  4- 6 || total
-------------------------+-------+-------++-------
Melee: Dagger            |    80 |       ||    80
       Whip              |    50 |    29 ||    79
Throw: Tomahawk          |       |     1 ||     1
 Cast: Animate Skeleton  |     4 |     2 ||     6
       Pain              |     3 |     5 ||     8
  Use: Scroll            |     3 |       ||     3
       Potion            |     1 |       ||     1
  Eat: Chunk             |     3 |     1 ||     4
       Fruit             |     1 |       ||     1
Armor: Robe              |    35 |     5 ||    40
Dodge: Dodged            |   113 |    26 ||   139
